 Dungeon Crawl Stone Soup version 0.28.0-53-g5a82cb258f (webtiles) character file.

Game seed: 9245885861168626127

30 lokiplouj the Slasher (level 3, -2/35 HPs)
             Began as a Gnoll Cinder Acolyte on Nov 3, 2022.
             Was a High Priest of Ignis.
             Slain by an iron imp (5 damage)
             ... summoned by Natasha
             ... on level 2 of the Dungeon.
             The game lasted 00:05:12 (1361 turns).

lokiplouj the Slasher (Gnoll Cinder Acolyte)        Turns: 1361, Time: 00:05:13

Health: -2/35      AC:  3    Str: 15    XL:     3   Next: 18%
Magic:  7/7        EV: 11    Int: 13    God:    Ignis [*****.]
Gold:   26         SH:  0    Dex:  7    Spells: 7/7 levels left

rFire   + . .      SeeInvis .   a - -1 falchion (flame)
rCold   . . .      Faith    .   (no shield)
rNeg    . . .      Spirit   .   b - +0 robe
rPois   .          Reflect  .   d - +0 helmet
rElec   .          Harm     .   (no cloak)
rCorr   .          Rampage  .   (no gloves)
Will    .....                   (no boots)
Stlth   +.........              (no amulet)
HPRegen 0.11/turn               (no ring)
MPRegen 0.10/turn               (no ring)

@: no status effects
A: fangs 1, strong nose, distributed training
a: Renounce Religion, Fiery Armour, Foxfire Swarm, Rising Flame


You were on level 2 of the Dungeon.
You worshipped Ignis.
Ignis was extremely pleased with you.
You visited 1 branch of the dungeon, and saw 2 of its levels.

You collected 26 gold pieces.

Inventory:

Hand Weapons
 a - a -1 falchion of flaming (weapon)
Armour
 b - a +0 robe (worn)
 d - a +0 helmet (worn)
 h - a +0 ring mail
Scrolls
 c - 2 scrolls of identify
 f - a scroll of teleportation {unknown}
Potions
 g - a potion of cancellation {unknown}
 i - a potion of degeneration {unknown}
 j - a potion of magic {unknown}


   Skills:
 + Level 6.5 Fighting
 + Level 0.6 Short Blades
 + Level 6.5 Long Blades
 + Level 0.6 Axes
 + Level 0.6 Maces & Flails
 + Level 0.6 Polearms
 + Level 0.6 Staves
 + Level 0.6 Slings
 + Level 0.6 Bows
 + Level 0.6 Crossbows
 + Level 0.6 Throwing
 + Level 0.6 Armour
 + Level 0.6 Dodging
 + Level 0.6 Stealth
 + Level 0.6 Shields
 + Level 0.6 Unarmed Combat
 + Level 2.8 Spellcasting
 + Level 0.4 Conjurations
 + Level 0.4 Hexes
 + Level 0.4 Summonings
 + Level 0.4 Necromancy
 + Level 0.4 Translocations
 + Level 0.4 Transmutations
 + Level 5.4 Fire Magic
 + Level 0.4 Ice Magic
 + Level 0.4 Air Magic
 + Level 0.4 Earth Magic
 + Level 0.4 Poison Magic
 + Level 0.8 Invocations
 + Level 0.6 Evocations


You had 7 spell levels left.
You didn't know any spells.
Your spell library contained the following spells:

 Spells                   Type           Power      Damage    Failure   Level
 Scorch                   Fire           30%        2d7       3%          2
 Dazzling Flash           Conj/Hex       6%         N/A       50%         3
 Iskenderun's Mystic Bla  Conj/Tloc      3%         2d3       88%         4
 Starburst                Conj/Fire      4%         6d4       100%        6


Dungeon Overview and Level Annotations

Branches:
Dungeon (2/15)

Altars:

Annotations:
D:2 Natasha


Innate Abilities, Weirdness & Mutations

You have very sharp teeth.
Your uncanny sense of smell can sniff out nearby items.
Your experience applies equally to all skills.


Message History

Natasha is lightly wounded.
The frilled lizard barely misses you. The endoplasm closely misses you.
Natasha mumbles some strange words.
You hit Natasha. You burn Natasha.
Natasha is severely wounded.
The frilled lizard bites you but does no damage.
The iron imp closely misses you. The endoplasm misses you.
Natasha barely misses you.
You hit Natasha. You burn Natasha.
Natasha is almost dead.
The frilled lizard closely misses you. The iron imp hits you.
The endoplasm barely misses you.
The crimson imp blinks!
Natasha barely misses you.
Unknown command.
You are too injured to fight recklessly!
Unknown command.
You are too injured to fight recklessly!
You are too injured to fight recklessly!
You are too injured to fight recklessly!
You miss the frilled lizard. The frilled lizard closely misses you.
The iron imp closely misses you.
The endoplasm hits you but does no damage.
The crimson imp blinks!
Natasha casts a spell at you. You resist with significant effort.
You slash the frilled lizard! You burn the frilled lizard.
You kill the frilled lizard!
The endoplasm hits you. The iron imp hits you!
* * * LOW HITPOINT WARNING * * *
Natasha closely misses you.
The endoplasm hits you but does no damage.
Natasha mumbles some strange words.
Natasha's front paws start to glow.
Natasha casts a spell at you. The magic dart hits you.
* * * LOW HITPOINT WARNING * * *
You see here a frilled lizard corpse.
As you read the scroll of fog, it crumbles to dust.
The scroll dissolves into smoke.
The iron imp hits you.
You die...

.................
..............##....
..##.#.......#.....
...†........#.....
.................### ##
#..................##...
##..#..................#
###.......#....5h§......
##....#........5@...?..#
...######...#..§J§.....#
....÷>...<.............#
..####..#.#...#.......?#
..## #.##.##....#...####
#..###.#..##.........#
.......#.##....^......#
##...##..##...........#
..........(.........


You could see an iron imp (summoned), Natasha, a crimson imp (summoned) and an
endoplasm.

Vanquished Creatures
  2 dart slugs (D:1)
  4 bats
  2 endoplasms (D:1)
  2 giant cockroaches
  5 kobolds
  2 quokkas (D:1)
  4 ball pythons
  A frilled lizard (D:2)
  A goblin (D:2)
  A rat (D:1)
24 creatures vanquished.

Notes
Turn   | Place    | Note
-------+----------+-------------------------------------------
     0 | D:1      | lokiplouj the Gnoll Cinder Acolyte began the quest for the
                  | Orb.
     0 | D:1      | Reached XP level 1. HP: 23/23 MP: 4/4
   177 | D:1      | Reached XP level 2. HP: 18/29 MP: 5/5
  1158 | D:2      | Reached XP level 3. HP: 31/35 MP: 7/7
  1346 | D:2      | Noticed Natasha
  1361 | D:2      | Slain by an iron imp

Illustrated notes

Levels and vault maps discovered:
D:1:      nzn_arrival_settlement, layout_basic, minmay_distorted
D:2:      layout_rooms, uniq_natasha

Action                   || total
-------------------------++-------
Melee: Falchion          ||    87
       Bite              ||     4
Invok: Fiery Armour      ||     1
  Use: Scroll            ||     2
Armor: Robe              ||    35
Dodge: Dodged            ||    62
